AoeStats
← a.l.a.n.t

QS Arena

503704913Analyzed
4v4 RM · 1mo ago on Sep 1, 2026· 10m 28s· 8 players
Game mode
Random Map
Map size
Large (8 player)
Population
200
Speed
Normal
Resources
Standard
Victory
Conquest
Starting age
Dark Age
Ending age
Imperial Age
RankedLock teamsTeams togetherTeam positionsShared explorationLock speedFull tech treeHidden civsTurbo modeCheats
Victory
Defeat
🇦🇷 Huns · Argentina
1434
+9
🇦🇷 Byzantines · Argentina
1428
+9
🇺🇾 Georgians · Uruguay
1325
+14
🇺🇸 Dravidians · United States
1311
+14
🇦🇺 Spanish · Australia
1419
-18
🇩🇪 Bulgarians · Germany
1251
-11
🇬🇧 Sicilians · United Kingdom
1225
-10
🇲🇽 Burgundians · Mexico
1216
-9
DUDA
7:45 Feudal Age
12:50 Castle Age
Kroyen
7:42 Feudal Age
11:33 Castle Age
GONZALO MONTIEL
7:55 Feudal Age
11:48 Castle Age
cakinho9 (el chambas)
8:16 Feudal Age
12:23 Castle Age
RedKing
9:23 Feudal Age
10:02 Double-Bit Axe
fastgg
7:59 Feudal Age
a.l.a.n.t
8:32 Feudal Age
12:22 Castle Age
riZen
8:22 Feudal Age
Connection lost

Rejoining the realm…

Still unreachable

The connection could not be restored.

Session expired

The server has moved on; the page needs a fresh start.